[Event "*** Titled Tuesday Blitz"]
[Site "Chess.com"]
[Date "2021.02.09"]
[Round "6"]
[White "Lion-Al-Messi"]
[Black "pavelalexandru07"]
[Result "0-1"]
[WhiteElo "2527"]
[BlackElo "2349"]
[TimeControl "180+1"]
[EndTime "11:08:30 PST"]
[Termination "pavelalexandru07 won by resignation"]

1. e4 c5 2. Nf3 d6 3. d4 cxd4 4. Nxd4 Nf6 5. Nc3 a6 6. h3 e5 7. Nde2 Be6 8. g4 h6 9. Bg2 Nbd7 10. Ng3 g6 11. Be3 Be7 12. Qd2 h5 13. g5 Nh7 14.
h4 O-O 15. Nd5 Bxd5 16. exd5 f5 17. gxf6 Ndxf6 18. Qd3 Kg7 19. Rg1 Ng4 20. Bh3 Bxh4 21.
Nxh5+ gxh5 22. Bxg4 hxg4 23. Rxg4+ Kh8 24. Qg6 Rg8 25. Qh5 Rxg4 26. Qxg4 Qf6 27. O-O-O Rg8 28. Qh3 Bg5 29. Rh1 Bxe3+ 30. fxe3 Qg7 31. a3 Rf8 32. Kb1 Rf2 33. Qc8+ Rf8 34. Qh3 Qg6 35. Qd7 Kg8 36. Qxb7 Ng5 37. Qxa6 Rf2 38. Qc8+ Kg7 39. Qc7+ Nf7 40. a4 Qg2 41. Rd1 Rd2 42. Rxd2 Qxd2 43. e4 Qe1+ 44. Ka2 Qxe4 45. c4 Qc2 46. Qa7 Qxc4+ 47. Ka3 Qd3+ 48. b3 Qxd5 49. a5 e4 50.
Qb6 Qc5+ 51. Qxc5 dxc5 52. a6 Nd6 53. Ka4 Nc8 54. Kb5 e3 55. Kc6 e2 56. Kb7 e1=Q 57.
Kxc8 Qa5 58. Kb7 Qb5+ 59. Kc7 Qxa6 60. Kd7 Qb5+ 0-1

[Event "*** Titled Tuesday Blitz"]
[Site "Chess.com"]
[Date "2021.02.09"]
[Round "6"]
[White "Evachess2006"]
[Black "Ze-Pequeno"]
[Result "0-1"]
[WhiteElo "1624"]
[BlackElo "2231"]
[TimeControl "180+1"]
[EndTime "11:08:30 PST"]
[Termination "Ze-Pequeno won on time"]

1. e4 c5 2. c3 Nf6 3. e5 Nd5 4.
d4 cxd4 5. Nf3 e6 6. cxd4 d6 7. Bc4 Nc6 8. O-O Be7 9. Nc3 Nxc3 10. bxc3 dxe5 11. Nxe5 Nxe5 12. dxe5 Qc7 13. Bb5+ Bd7 14. Bxd7+ Qxd7 15. Qxd7+ Kxd7 16. Be3 Kc6 17. Rfd1 b6 18. Kf1 Rhd8 19. Ke2 Kb5 20. Rac1 Kc4 21. Rc2 Rxd1 22. Kxd1 Rd8+ 23. Ke2 Rd5 24. Bd4 Bc5 25. f4 a5 26.
Ke3 a4 27. g4 g5 28. Ke4 gxf4 29. Kxf4 b5 30. Ke4 Be7 31. Rf2 b4 32. Rc2 b3 33.
axb3+ axb3 34. Rb2 Ba3 35. Rf2 b2 36. Rxf7 b1=Q+ 0-1

[Event "*** Titled Tuesday Blitz"]
[Site "Chess.com"]
[Date "2021.02.09"]
[Round "6"]
[White "NovikovaGalina"]
[Black "gross-aleks"]
[Result "0-1"]
[WhiteElo "2385"]
[BlackElo "2568"]
[TimeControl "180+1"]
[EndTime "11:08:31 PST"]
[Termination "gross-aleks won on time"]

1. e4 c5 2. Nf3 e6 3. d4 cxd4 4. Nxd4 a6 5. Be2 Bc5 6. Nb3 Ba7 7. Nc3 Qc7 8. h4 Nf6 9. Bg5 b5 10. Qd2 Bb7 11. Bf3 Nc6 12. O-O-O Ne5 13. Qe2 Rc8 14.
Be3 Bxe3+ 15. fxe3 Nc4 16. e5 Nxe5 17. Bxb7 Qxb7 18.
g4 Nfxg4 19. Rhg1 h5 20. Nd4 b4 21. Na4 O-O 22. Kb1 f5 23. b3 Rc7 24. Nb2 Rfc8 25. Nd3 Nxd3 26. Qxd3 Rc3 27. Qd2 Qe4 28. Rc1 Rxe3 29.
Rgd1 a5 30. Nxe6 dxe6 31. Qd7 Rec3 32. Qe7 Rxc2 33. Rd8+ Kh7 34. Rxc8 Rxc8+ 35. Kb2 Qd4+ 36. Kb1 Qd3+ 37. Kb2 Qd2+ 0-1

[Event "*** Titled Tuesday Blitz"]
[Site "Chess.com"]
[Date "2021.02.09"]
[Round "6"]
[White "Shuvalov"]
[Black "KafkaesqueKnight"]
[Result "0-1"]
[WhiteElo "2505"]
[BlackElo "2177"]
[TimeControl "180+1"]
[EndTime "11:08:31 PST"]
[Termination "KafkaesqueKnight won on time"]

1. e4 c5 2. Nf3 d6 3. d4 cxd4 4. Nxd4 Nf6 5. Nc3 a6 6. Bg5 e6 7. f4 Qb6 8. Qd2 Nc6 9. Nxc6 bxc6 10. O-O-O Rb8 11. b3 d5 12. Kb1 Ng4 13. f5 Bb4 14. fxe6 Bxe6 15. exd5 cxd5 16. h3 Ne5 17. Be3 Qa5 18.
Bd4 Nc6 19. Bxg7 Rg8 20. Bf6 Rg6 21. Bh8 d4 22. Bxd4 Nxd4 23. Qxd4 Bxc3 24. Qd6 Qb6 25. Qd3 Rd8 26. Qxc3 Rxd1+ 27. Kb2 Kf8 28. Qh8+ Ke7 29. Qc3 Qd4 30. Qxd4 Rxd4 31. Bd3 Rxg2 32. Kc3 Rf4 33. h4 Rff2 34. Re1 Kf6 35. a4 Bf5 36. Bxf5 Rxf5 37.
Kb4 Rxc2 0-1

[Event "*** Titled Tuesday Blitz"]
[Site "Chess.com"]
[Date "2021.02.09"]
[Round "6"]
[White "annacramling"]
[Black "KingCyber19"]
[Result "1-0"]
[WhiteElo "2107"]
[BlackElo "2545"]
[TimeControl "180+1"]
[EndTime "11:08:31 PST"]
[Termination "annacramling won on time"]

1. d4 d5 2. c4 dxc4 3. e3 Nf6 4. Bxc4 e6 5. Nc3 c5 6. Nf3 Nc6 7. O-O a6 8. Qe2 cxd4 9. exd4 Be7 10. Rd1 O-O 11. h3 b5 12. Bd3 Bb7 13. Be3 Nb4 14. Bb1 Nbd5 15. Bd3 Rc8 16. Rac1 Nxc3 17. bxc3 Ne4 18.
c4 bxc4 19. Bxc4 Qa5 20. Qb2 Bd5 21. Bxd5 Qxd5 22. Ne5 f6 23. Nd3 Nd6 24. Nc5 Nc4 25. Qb3 Nxe3 26. Qxe3 Rc6 27. Re1 Rfc8 28. Nd3 Rxc1 29.
Rxc1 Rxc1+ 30. Qxc1 Qxa2 31. Qc8+ Kf7 32. Nf4 1-0

[Event "*** Titled Tuesday Blitz"]
[Site "Chess.com"]
[Date "2021.02.09"]
[Round "6"]
[White "swisspower96"]
[Black "sergoy"]
[Result "1-0"]
[WhiteElo "2687"]
[BlackElo "2845"]
[TimeControl "180+1"]
[EndTime "11:08:32 PST"]
[Termination "swisspower96 won by resignation"]

1. d4 Nf6 2. c4 e6 3. Nf3 d5 4. g3 Bb4+ 5. Bd2 Be7 6. Bg2 O-O 7. O-O c6 8. Qc2 Nbd7 9. Bf4 b6 10. Rc1 Ba6 11. cxd5 cxd5 12. Bc7 Qe8 13. Nc3 Rc8 14. Bf4 b5 15. Qd3 Nb6 16. a4 b4 17. Qxa6 bxc3 18. bxc3 Nc4 19. Ne5 Nxe5 20. Bxe5 Nd7 21. Bf4 Ra8 22.
c4 Nb6 23. c5 Nc4 24. e4 Qd8 25. exd5 exd5 26. Qc6 Na5 27. Qxd5 Qxd5 28. Bxd5 Rad8 29. Bg2 Nb3 30. c6 Nxa1 31. Rxa1 Rxd4 32. c7 Rc4 33.
Rb1 Bc5 34. Bd5 Rc2 35. Rb8 Bxf2+ 36. Kf1 Bc5 37. Bb7 Be7 38. Rxf8+ 1-0

[Event "*** Titled Tuesday Blitz"]
[Site "Chess.com"]
[Date "2021.02.09"]
[Round "6"]
[White "nochewycandy"]
[Black "Euwe1234"]
[Result "0-1"]
[WhiteElo "2639"]
[BlackElo "2473"]
[TimeControl "180+1"]
[EndTime "11:08:32 PST"]
[Termination "Euwe1234 won by checkmate"]

1. e4 c5 2. Nf3 d6 3. d4 cxd4 4. Nxd4 Nf6 5. Nc3 a6 6. Bg5 e6 7.
f4 Qb6 8. Qd2 Qxb2 9. Rb1 Qa3 10. e5 h6 11. Bh4 dxe5 12. fxe5 Nfd7 13. Ne4 Qxa2 14. Rd1 Qd5 15. Qe3 Qxe5 16. Be2 Bc5 17. Qd3 Bxd4 18. Qxd4 Qxd4 19. Rxd4 O-O 20. Nd6 Nc6 21.
Rd2 Nde5 22. O-O b5 23. Ra1 Bd7 24. Nb7 Rfb8 25. Nc5 Bc8 26. Bg3 a5 27. c3 b4 28.
cxb4 axb4 29. Rb1 Kf8 30. Rdb2 Ke7 31. Nd3 Nxd3 32. Bxd3 Rb7 33. Be4 Bd7 34. Bxc6 Bxc6 35. Rxb4 Rxb4 36. Rxb4 Ra1+ 37. Kf2 Ra2+ 38. Ke3 Rxg2 39.
Rc4 Bd5 40. Rc7+ Kf6 41. Kf4 g5+ 42. Ke3 Kg6 43. Kd4 h5 44. Rc8 h4 45. Be5 f6 46.
Bd6 Kf5 47. Rf8 Rd2+ 48. Ke3 Rg2 49. Be7 Rxh2 50. Rxf6+ Ke5 51. Rg6 Rh3+ 52. Kf2 Rf3+ 53. Ke2 Rg3 54. Bxg5 h3 55. Bf6+ Kf4 56. Be5+ Kxe5 57. Rxg3 h2 58. Rg5+ Kf4 59. Rh5 h1=Q 60. Kd3 Qxh5 61. Kd4 Qe5+ 62. Kd3 Be4+ 63. Ke2 Qb2+ 64. Kd1 Bf3+ 65. Ke1 Qe2# 0-1

[Event "*** Titled Tuesday Blitz"]
[Site "Chess.com"]
[Date "2021.02.09"]
[Round "6"]
[White "Walter_White_Poland"]
[Black "bsnsun"]
[Result "1/2-1/2"]
[WhiteElo "2293"]
[BlackElo "2445"]
[TimeControl "180+1"]
[EndTime "11:08:32 PST"]
[Termination "Game drawn by repetition"]

1. e4 e5 2. Nf3 Nc6 3. Bb5 Nf6 4. O-O Nxe4 5. d4 Nd6 6. Bg5 Be7 7. Bxc6 dxc6 8.
dxe5 Bxg5 9. Nxg5 Qxg5 10. exd6 cxd6 11. Qxd6 Be6 12. Nc3 Qe7 13. Qf4 O-O 14. Rfe1 Rad8 15. Rad1 Rxd1 16. Rxd1 Rd8 17. Rxd8+ Qxd8 18. h4 h6 19. a3 b6 20. Kh2 c5 21. f3 Kf8 22.
Kg3 Ke7 23. Nb5 Qd7 24. Nc7 Qc6 25. Nxe6 Qxe6 26. Qc7+ Qd7 27. Qxd7+ Kxd7 28. Kf4 Ke6 29.
c4 a6 30. g4 g6 31. g5 h5 32. a4 Kd6 33. Ke4 Ke6 34. f4 a5 35. f5+ Kd6 36.
b3 Kd7 37. Ke5 Ke7 38. fxg6 fxg6 39. Kd5 Kd7 40. Ke5 Ke7 41. Kd5 Kd7 42. Ke5 Ke7 1/2-1/2

[Event "*** Titled Tuesday Blitz"]
[Site "Chess.com"]
[Date "2021.02.09"]
[Round "6"]
[White "Kaponov"]
[Black "mapleaff"]
[Result "0-1"]
[WhiteElo "2213"]
[BlackElo "2407"]
[TimeControl "180+1"]
[EndTime "11:08:32 PST"]
[Termination "mapleaff won on time"]

1. d4 Nf6 2. c4 e6 3. g3 d5 4. Bg2 Be7 5. Nf3 O-O 6. O-O dxc4 7. Qc2 b6 8. Ne5 Qxd4 9. Bxa8 Qxe5 10. Bg2 Nd5 11. Nc3 Nxc3 12. bxc3 Bf6 13. Ba3 c5 14. Rac1 h5 15. Qe4 Nd7 16. Rfd1 Qxe4 17. Bxe4 Ne5 18.
Rc2 Ba6 19. Bc1 Bb5 20. Rcd2 Ba4 21. Bc2 Bb5 22. e4 Nd3 23. Bxd3 cxd3 24. Rxd3 Bxd3 25. Rxd3 c4 26. Rd7 Bxc3 27. Rxa7 Rd8 28. Be3 Rd1+ 29. Kg2 Rb1 30. Ra8+ Kh7 31. a4 e5 32. Ra7 Bd4 33.
Rxf7 Bxe3 34. fxe3 c3 35. Rc7 Rb2+ 36. Kf3 c2 37. Rc6 g6 38. h4 Kg7 39. g4 hxg4+ 40. Kxg4 Rb4 41. Rxc2 Rxe4+ 42. Kf3 Rxa4 43. Kg3 Rb4 44.
Rc6 Kh6 45. e4 Rxe4 46. Rxb6 Kh5 47. Rb8 Rg4+ 48. Kf3 Rxh4 0-1

[Event "*** Titled Tuesday Blitz"]
[Site "Chess.com"]
[Date "2021.02.09"]
[Round "6"]
[White "publicaccountcze"]
[Black "WiktoriaPOL"]
[Result "1-0"]
[WhiteElo "2257"]
[BlackElo "2021"]
[TimeControl "180+1"]
[EndTime "11:08:32 PST"]
[Termination "publicaccountcze won by resignation"]

1. d4 d5 2. c4 e5 3. dxe5 d4 4. Nf3 c5 5. e3 Nc6 6. Na3 Bg4 7. Be2 Bxf3 8. Bxf3 Nxe5 9. exd4 cxd4 10. Bxb7 Rb8 11. Qa4+ Qd7 12. Qxd7+ Kxd7 13. Be4 Bxa3 14. bxa3 Nxc4 15.
O-O Nf6 16. Bf5+ Kc6 17. Rd1 Rbd8 18. Bg5 Kd5 19. Rd3 Nb2 20. Rb3 Rb8 21. Bc2 Ne4 22. Bf4 Rxb3 23. Bxb3+ Kc5 24. Rc1+ Nc3 25. Bd2 Nd3 26.
Rc2 Kd6 27. Bxc3 dxc3 28. Rxc3 Nc5 29. Bxf7 Rf8 30. Bb3 Re8 31. g3 Ne4 32. Rd3+ Kc7 33. Re3 Re7 34. Bc2 Nf6 35. Rxe7+ Kd6 36. Rxg7 1-0

[Event "*** Titled Tuesday Blitz"]
[Site "Chess.com"]
[Date "2021.02.09"]
[Round "6"]
[White "Anurag328"]
[Black "youngKID"]
[Result "0-1"]
[WhiteElo "2649"]
[BlackElo "2845"]
[TimeControl "180+1"]
[EndTime "11:08:34 PST"]
[Termination "youngKID won by resignation"]

1. c4 e5 2. g3 f5 3. d4 e4 4. Nc3 Nf6 5. Nh3 Bb4 6. Qb3 c5 7. dxc5 Na6 8. Bg5 h6 9. Bxf6 Qxf6 10. Nf4 Bxc3+ 11. Qxc3 Qxc3+ 12. bxc3 Nxc5 13. Nd5 Kf7 14. Bh3 d6 15. O-O g6 16. f3 Kg7 17. fxe4 Nxe4 18.
g4 fxg4 19. Bg2 Bf5 20. Ne3 Rhf8 21. Bxe4 Bxe4 22. Rad1 Rxf1+ 23. Kxf1 h5 24. Rxd6 Rf8+ 25. Ke1 Rf6 26. Rd7+ Rf7 27. Rd4 Bh1 28. c5 Kh6 29. Nc4 Re7 30. Kf2 Kg5 31. Rd1 Bc6 32. Na5 Re5 33.
Nb3 h4 34. Rd6 Rf5+ 35. Ke3 g3 36. hxg3 hxg3 37. Rd1 g2 38. Nd2 Kg4 0-1

[Event "*** Titled Tuesday Blitz"]
[Site "Chess.com"]
[Date "2021.02.09"]
[Round "6"]
[White "Irina_Baraeva"]
[Black "banane_verte"]
[Result "0-1"]
[WhiteElo "2255"]
[BlackElo "2441"]
[TimeControl "180+1"]
[EndTime "11:08:34 PST"]
[Termination "banane_verte won by resignation"]

1. d4 Nf6 2. c4 e6 3. Nf3 b6 4. g3 Bb7 5. Bg2 Be7 6. O-O O-O 7. Nc3 Ne4 8. Qc2 Nxc3 9. Qxc3 d6 10. Qc2 f5 11.
Nd2 Bxg2 12. Kxg2 e5 13. e4 f4 14. Nf3 fxg3 15. hxg3 exd4 16. Nxd4 Qd7 17. Nf5 Nc6 18.
Bf4 Bf6 19. Rad1 Rae8 20. a3 Be5 21. Bxe5 Nxe5 22. b4 Qc6 23. Ne3 Nf3 24. Rd5 Qd7 25.
Nf5 Ng5 26. f3 Kh8 27. c5 g6 28. Qd2 gxf5 29. Qxg5 fxe4 30. fxe4 Rxf1 31. Kxf1 Qh3+ 32.
Kg1 Rf8 33. Rf5 Rxf5 34. exf5 dxc5 35. bxc5 bxc5 36. f6 Qd7 37. Qe5 Qd4+ 38. Qxd4 cxd4 39. g4 h6 40. Kf2 Kh7 41. Ke2 Kg6 42. Kd3 c5 43.
Kc4 Kxf6 44. Kxc5 d3 45. Kc6 d2 0-1

[Event "*** Titled Tuesday Blitz"]
[Site "Chess.com"]
[Date "2021.02.09"]
[Round "6"]
[White "Happy1712Drummer"]
[Black "dropstoneDP"]
[Result "0-1"]
[WhiteElo "2402"]
[BlackElo "2968"]
[TimeControl "180+1"]
[EndTime "11:08:35 PST"]
[Termination "dropstoneDP won on time"]

1. c4 e5 2. Nc3 Nf6 3. g3 Bb4 4. Bg2 O-O 5. e4 Bxc3 6. dxc3 d6 7. Qc2 a5 8. a4 Na6 9. Ne2 b6 10. O-O Bb7 11. b3 Qd7 12. f3 h6 13. Kh1 Nh7 14. g4 Nc5 15. Ng3 Ng5 16. Nf5 Kh7 17. h4 Nge6 18. g5 hxg5 19. Bh3 g6 20. hxg5 gxf5 21.
exf5 Kg8 22. fxe6 fxe6 23. Qg6+ Qg7 24. Bxe6+ Nxe6 25. Qxe6+ Qf7 26. Qxf7+ Rxf7 27. Kg1 Bxf3 28. Ra2 Raf8 29. Raf2 Kg7 30. Be3 Kg6 31. Rh2 Bh5 32. Rxf7 Rxf7 33. b4 Rf3 34. Bd2 Rg3+ 35. Rg2 Rd3 36. c5 e4 37. cxb6 cxb6 38. Bf4 axb4 0-1

[Event "*** Titled Tuesday Blitz"]
[Site "Chess.com"]
[Date "2021.02.09"]
[Round "6"]
[White "JQuiroga18"]
[Black "m_ezat"]
[Result "0-1"]
[WhiteElo "2419"]
[BlackElo "2558"]
[TimeControl "180+1"]
[EndTime "11:08:35 PST"]
[Termination "m_ezat won on time"]

1. e4 e5 2. Nf3 Nc6 3. d4 exd4 4. Nxd4 Qh4 5. Qd3 Nf6 6. Nd2 Bc5 7. g3 Qg4 8. c3 d5 9. Nxc6 bxc6 10. Bg2 a5 11.
exd5 cxd5 12. O-O O-O 13. Re1 Qh5 14. Nb3 Ng4 15. Nxc5 Bf5 16. Qf3 Qxh2+ 17. Kf1 Qh5 18. Qf4 Rfe8 19. Bd2 h6 20. Rxe8+ Rxe8 21. Re1 Rb8 22.
b3 Rb6 23. Qxc7 Rf6 24. Re8+ Kh7 25. Ke1 Bc2 26. Bf4 Ne5 27. g4 Qxg4 28. f3 Nxf3+ 29.
Bxf3 Qxf3 30. Kd2 Qd1+ 31. Ke3 Qe1+ 32. Kd4 Qxe8 33. Be5 Rf3 34. Nd7 f6 35. Nxf6+ Rxf6 36. Bxf6 Qe4+ 37. Kc5 Qe3+ 38. Kb5 Bd3+ 39. Kxa5 Qg1 40.
Bd4 Qg6 41. Qb6 Qe8 42. a4 h5 43. Qc7 Qg6 0-1

[Event "*** Titled Tuesday Blitz"]
[Site "Chess.com"]
[Date "2021.02.09"]
[Round "6"]
[White "CakeinSpace2002"]
[Black "SaraciNderim"]
[Result "0-1"]
[WhiteElo "2355"]
[BlackElo "2779"]
[TimeControl "180+1"]
[EndTime "11:08:36 PST"]
[Termination "SaraciNderim won by resignation"]

1. c4 e5 2. Nc3 Nf6 3. g3 Bc5 4. Bg2 O-O 5. e3 d6 6. Nge2 a6 7. O-O h6 8. d4 Ba7 9. h3 Nc6 10.
b3 Re8 11. Bb2 exd4 12. Nxd4 Nxd4 13. exd4 c6 14. Qd2 Bf5 15. Rfe1 Qd7 16. Kh2 d5 17. c5 Rad8 18. Rxe8+ Rxe8 19. Re1 Ne4 20. Nxe4 Bxe4 21.
Bxe4 dxe4 22. Rd1 Qd5 23. Qf4 Bb8 24. Qg4 e3 25. f4 e2 26. Re1 f5 27. Qh5 Qf7 28. Qxf7+ Kxf7 29. Kg2 g5 30. Kf3 gxf4 31. gxf4 Re4 32. Rxe2 Rxe2 33. Kxe2 Bxf4 34. Kf3 Bg5 35.
Bc3 Ke6 36. Ke2 Kd5 37. Kd3 f4 38. Be1 f3 39. Bf2 Bf4 40. h4 h5 41. a3 a5 42.
a4 Bh6 43. Be3 Bg7 44. Bf2 Bf6 45. Be1 Bxd4 46. Bxa5 Bxc5 47. Bd2 Be7 48. Be1 Bc5 49. Bd2 Bf2 50. Bg5 Ke5 51. b4 Kf5 52. b5 cxb5 53. axb5 Kg4 54. Ke4 Bxh4 55. Bxh4 Kxh4 56. Kxf3 Kg5 57.
b6 Kf5 58. Kg3 Ke5 59. Kh4 Kd6 60. Kxh5 Kc6 61. Kg4 Kxb6 62. Kf3 Kc5 63. Ke3 Kc4 64. Kd2 Kb3 65. Kc1 b5 66. Kb1 b4 67. Ka1 Kc2 68.
Ka2 b3+ 0-1

[Event "*** Titled Tuesday Blitz"]
[Site "Chess.com"]
[Date "2021.02.09"]
[Round "6"]
[White "starplatinum2030"]
[Black "PushingpawnsNYC"]
[Result "0-1"]
[WhiteElo "2114"]
[BlackElo "2308"]
[TimeControl "180+1"]
[EndTime "11:08:36 PST"]
[Termination "PushingpawnsNYC won by checkmate"]

1. e4 c5 2. Nf3 e6 3. d4 cxd4 4. Nxd4 a6 5. Bd3 Qc7 6. O-O Nf6 7. Qe2 d6 8. c4 Nc6 9. Nxc6 bxc6 10. b3 e5 11. Bb2 Be7 12. Nd2 O-O 13. Rac1 Nd7 14. c5 Nxc5 15. b4 Ne6 16. Nb3 Bg5 17. Rc2 Nf4 18. Qf3 h5 19. Na5 Bg4 20. Qg3 c5 21. h3 Bd7 22. Qxg5 Nxd3 23. Nc4 Ba4 24. Rd2 Nf4 25. Nxd6 f6 26. Qg3 Rad8 27. Qa3 Rxd6 28. Rxd6 Qxd6 29. Qxa4 cxb4 30. Rd1 Qc5 31. Qxa6 Qc2 32.
Rd7 Qxb2 33. Qc4+ Kh7 34. Qc7 Rg8 35. Qd6 Qb1+ 36. Kh2 Qf1 37. Qd2 Qxg2# 0-1

[Event "*** Titled Tuesday Blitz"]
[Site "Chess.com"]
[Date "2021.02.09"]
[Round "6"]
[White "Dedic8"]
[Black "Jungle_Jaguar"]
[Result "1-0"]
[WhiteElo "2831"]
[BlackElo "2646"]
[TimeControl "180+1"]
[EndTime "11:08:37 PST"]
[Termination "Dedic8 won on time"]

1. e4 e5 2. Nf3 Nc6 3. Bb5 a6 4. Ba4 Nf6 5. O-O Be7 6. Re1 b5 7. Bb3 O-O 8. a4 Bb7 9. d3 d6 10. Bd2 Nd7 11. Nc3 Nd4 12. Nxd4 exd4 13. Ne2 c5 14. Nf4 Bg5 15. axb5 axb5 16. Rxa8 Qxa8 17. Qg4 Bxf4 18. Bxf4 Ne5 19. Qg3 Re8 20. h3 Qa5 21.
Rf1 Qc7 22. c3 c4 23. dxc4 bxc4 24. cxd4 cxb3 25. dxe5 dxe5 26. Bh6 f6 27. Qxb3+ Qf7 28. Qg3 Bxe4 29. Rc1 Rb8 30. b4 Qd7 31. Kh2 Kh8 32.
Be3 Rxb4 33. Qh4 Qb7 34. Rd1 Qe7 35. Bc5 1-0

[Event "*** Titled Tuesday Blitz"]
[Site "Chess.com"]
[Date "2021.02.09"]
[Round "6"]
[White "Kobalia"]
[Black "mishanick"]
[Result "0-1"]
[WhiteElo "2685"]
[BlackElo "2927"]
[TimeControl "180+1"]
[EndTime "11:08:37 PST"]
[Termination "mishanick won on time"]

1. e4 c5 2. Nf3 d6 3. Bb5+ Nd7 4. O-O a6 5. Bd3 Ngf6 6. c3 b5 7. Bc2 Bb7 8. Qe2 g6 9. d4 Bg7 10. Re1 e5 11. dxe5 dxe5 12. c4 b4 13. Nbd2 O-O 14. Nf1 Nh5 15. g3 Nb8 16. Ne3 Nc6 17. Nd5 Nd4 18.
Nxd4 exd4 19. e5 Bxd5 20. cxd5 Qxd5 21. f4 Rae8 22. Be4 Qe6 23. g4 Nxf4 24. Bxf4 Bxe5 25. Bxe5 Qxe5 26. Bd3 Qf4 27. Qg2 Re3 28. Bxa6 d3 29. Rxe3 Qxe3+ 30. Qf2 Qe4 31. h3 c4 32. Qc5 Rd8 33.
Bxc4 d2 34. Rd1 Qe1+ 35. Kg2 Qxd1 36. Bxf7+ Kxf7 37. Qc7+ Ke6 38. Qc6+ Ke5 39. Qc5+ Ke4 40. Qc4+ Rd4 41. Qe6+ Kd3 0-1

[Event "*** Titled Tuesday Blitz"]
[Site "Chess.com"]
[Date "2021.02.09"]
[Round "6"]
[White "OhanyanEminChess"]
[Black "superchess02"]
[Result "0-1"]
[WhiteElo "2622"]
[BlackElo "2792"]
[TimeControl "180+1"]
[EndTime "11:08:37 PST"]
[Termination "superchess02 won on time"]

1. e4 c5 2. Nf3 d6 3. d4 cxd4 4. Nxd4 Nf6 5. Nc3 a6 6. Be3 e6 7. g4 b5 8. g5 Nfd7 9. h4 Bb7 10. a3 Nc6 11. Rg1 Rc8 12. h5 g6 13. Rh1 Bg7 14.
hxg6 hxg6 15. Rxh8+ Bxh8 16. f4 Nc5 17. Qd2 Nxd4 18.
Bxd4 e5 19. Bxc5 dxc5 20. Qh2 Bg7 21. Bh3 Rc6 22. Nd5 exf4 23. O-O-O Qxg5 24. Qd2 Bd4 25. Kb1 Kf8 26. c3 Be5 27. Qf2 Kg7 28. Rg1 Qh6 29. Bf5 Rd6 30. Ne7 Rf6 31. Bg4 Bxe4+ 32. Ka1 Bd6 33. Nc8 Bf8 34. Re1 Bb7 35. Re8 Qh1+ 36. Re1 Qg2 0-1

[Event "*** Titled Tuesday Blitz"]
[Site "Chess.com"]
[Date "2021.02.09"]
[Round "6"]
[White "Rytenko_V"]
[Black "The_filthy"]
[Result "0-1"]
[WhiteElo "2425"]
[BlackElo "2288"]
[TimeControl "180+1"]
[EndTime "11:08:37 PST"]
[Termination "The_filthy won by checkmate"]

1. d4 d5 2. Nc3 e6 3. e4 Nf6 4. Bg5 Be7 5. Bxf6 Bxf6 6. Nf3 O-O 7. Bd3 dxe4 8. Bxe4 g6 9. h4 h5 10. Qd3 Bg7 11.
O-O-O f5 12. Ng5 fxe4 13. Qxe4 Qf6 14. g3 Nc6 15. Nb5 Qf5 16. Nxc7 Qxe4 17. Nxe4 Rb8 18. c3 e5 19. d5 Nd8 20. Nb5 Bg4 21. Rde1 Bf3 22.
Rhg1 Bxe4 23. Rxe4 Rxf2 24. g4 Nf7 25. gxh5 gxh5 26.
Nc7 Kh7 27. Ne6 Bh6+ 28. Kb1 Rg8 29. Rxg8 Kxg8 30. c4 Nd6 31. Rxe5 Nxc4 32. Rxh5 Rxb2+ 33. Ka1 Bd2 34. Nc5 Bc3 35. Ne4 Rc2+ 36. Nxc3 Rxc3 37. Rg5+ Kh7 38. Rg4 Rc1# 0-1

[Event "*** Titled Tuesday Blitz"]
[Site "Chess.com"]
[Date "2021.02.09"]
[Round "6"]
[White "Yaryi_sergey"]
[Black "Klavdia_Nik"]
[Result "1-0"]
[WhiteElo "2466"]
[BlackElo "2058"]
[TimeControl "180+1"]
[EndTime "11:08:37 PST"]
[Termination "Yaryi_sergey won on time"]

1. e4 e6 2. Nc3 d5 3. d3 dxe4 4. dxe4 Qxd1+ 5. Nxd1 e5 6. Bc4 Nf6 7. f3 Bb4+ 8. c3 Bc5 9. Be3 Bxe3 10. Nxe3 c6 11.
O-O-O O-O 12. Ne2 b5 13. Bb3 a5 14. g4 a4 15. Bc2 Be6 16. Kb1 Na6 17. Rd6 Rfc8 18. Rhd1 Ne8 19. R6d2 b4 20. c4 Nc5 21. Nf5 b3 22. Ne7+ Kf8 23. Nxc8 bxc2+ 24. Kxc2 Rxc8 25.
Kc3 Ke7 26. b4 axb3 27. axb3 Rb8 28. Rb2 Nd6 29. Rbb1 Na6 30. Ng3 g6 31. Ra1 Nc5 32. Rdb1 Rb7 33. b4 Nd7 34. c5 Nb5+ 35. Kd2 Nd4 36.
Ra3 Nxc5 37. Ne2 Nxe2 38. Kxe2 Nd7 39. Rc3 Rb6 40. Rbc1 Nb8 41. Rb1 Bd7 42. Rc5 f6 43. Rc2 Na6 44. Rcb2 Nc7 45. Ke3 Ne6 46. h4 g5 47.
hxg5 Nxg5 48. Rc1 Rb5 49. Rc5 1-0

[Event "*** Titled Tuesday Blitz"]
[Site "Chess.com"]
[Date "2021.02.09"]
[Round "6"]
[White "champ2005"]
[Black "IljaJoke"]
[Result "1-0"]
[WhiteElo "3004"]
[BlackElo "2511"]
[TimeControl "180+1"]
[EndTime "11:08:38 PST"]
[Termination "champ2005 won by resignation"]

1. c4 e6 2. Nf3 d5 3. d4 c5 4. cxd5 exd5 5. Nc3 Nc6 6. g3 Nf6 7. Bg2 cxd4 8. Nxd4 Bc5 9. Nb3 Bb6 10. O-O d4 11. Na4 O-O 12. Bg5 Re8 13. Nxb6 axb6 14. Re1 h6 15. Bxc6 bxc6 16. Bxf6 Qxf6 17. Qxd4 Qd8 18. Qc3 c5 19. e4 Bg4 20. f3 Be6 21. Rad1 Qc7 22.
a3 Re7 23. Nc1 Rae8 24. Nd3 Bc8 25. Nf4 Bb7 26. Kf2 Re5 27. Re2 Qe7 28. Red2 Bc6 29. Rd6 Qb7 30. R1d2 f5 31. Ng6 R5e6 32. Rxe6 Rxe6 33.
exf5 Re8 34. Nf4 Qf7 35. f6 gxf6 36. Rd6 Bb5 37. Rxf6 Qe7 38. Rg6+ Kh7 39. Re6 Qf7 40.
Qc2+ Kg7 41. Rg6+ Kf8 42. Qc3 Re2+ 43. Kg1 1-0

[Event "*** Titled Tuesday Blitz"]
[Site "Chess.com"]
[Date "2021.02.09"]
[Round "6"]
[White "DarZay"]
[Black "Loy_Konstantin"]
[Result "0-1"]
[WhiteElo "2149"]
[BlackElo "2383"]
[TimeControl "180+1"]
[EndTime "11:08:38 PST"]
[Termination "Loy_Konstantin won by resignation"]

1. e4 c5 2. Nf3 d6 3. d4 cxd4 4. Nxd4 Nf6 5. Nc3 g6 6. Bc4 Bg7 7. O-O O-O 8. f4 Nc6 9. Kh1 Nxe4 10. Nxc6 bxc6 11. Nxe4 d5 12. Bd3 dxe4 13. Bxe4 Qc7 14.
Qf3 Rb8 15. f5 Ba6 16. Rf2 Bd4 17. Bf4 Be5 18. Bh6 Bg7 19. Bxg7 Kxg7 20. f6+ exf6 21. Qxf6+ Kg8 22. Bxc6 Rb6 23. Re1 Qxc6 24. Qh4 Bb7 25. Qh6 Rb5 26. Re3 Rh5 27. Qf4 Rf5 28. Qg3 Rxf2 29.
Qxf2 Rd8 30. h3 Rd1+ 31. Kh2 Qd6+ 32. Rg3 Rd2 33. Qg1 Rxg2+ 34. Qxg2 Bxg2 35. Kxg2 Qd5+ 36. Kh2 Qxa2 37. Ra3 Qxb2 38. Rxa7 Qxc2+ 39. Kh1 Qd1+ 0-1

[Event "*** Titled Tuesday Blitz"]
[Site "Chess.com"]
[Date "2021.02.09"]
[Round "6"]
[White "mjray79"]
[Black "Cuajada_Zero"]
[Result "1-0"]
[WhiteElo "2487"]
[BlackElo "2196"]
[TimeControl "180+1"]
[EndTime "11:08:38 PST"]
[Termination "mjray79 won on time"]

1. d4 Nf6 2. c4 e6 3. g3 d5 4. Bg2 Be7 5. Nf3 O-O 6. O-O dxc4 7.
Qc2 a6 8. a4 Bd7 9. Qxc4 Bc6 10. Bg5 Nbd7 11. Nc3 h6 12. Bf4 Rc8 13. Rfd1 Nd5 14.
Bd2 Nxc3 15. Bxc3 Nf6 16. b4 Bd5 17. Qd3 Be4 18. Qd2 c6 19. Ne5 Bxg2 20. Kxg2 Qd5+ 21. Kg1 Ne4 22. Qb2 Ng5 23. f3 Rfd8 24. h4 Nh7 25.
Kf2 Bf6 26. e4 Qd6 27. Nc4 Qb8 28. Nb6 Rc7 29. Rac1 Re7 30. b5 Ree8 31. Rb1 axb5 32. axb5 Nf8 33. Na4 Qa8 34. Nc5 b6 35. Na6 cxb5 36.
Nc7 Qb7 37. Nxe8 Rxe8 38. Qxb5 Ng6 39. Qxe8+ Kh7 40. Qb5 Qc7 41. Rdc1 Bxh4 42. gxh4 Qh2+ 43. Ke3 Qf4+ 44. Kd3 Qxf3+ 45. Kc2 Qxe4+ 46. Kb2 Qxh4 47. Qxb6 Qf2+ 48. Rc2 Qe3 49. Qb3 Nf4 50. Rd1 Nd5 51. Qb5 Qf3 52. Qd3+ 1-0

[Event "*** Titled Tuesday Blitz"]
[Site "Chess.com"]
[Date "2021.02.09"]
[Round "6"]
[White "FMJoseHerrera"]
[Black "Pogosian_Manvel"]
[Result "1-0"]
[WhiteElo "2586"]
[BlackElo "2397"]
[TimeControl "180+1"]
[EndTime "11:08:39 PST"]
[Termination "FMJoseHerrera won on time"]

1. Nf3 Nf6 2. g3 g6 3. Bg2 Bg7 4. d3 O-O 5. Nc3 d5 6. h4 c5 7.
h5 d4 8. Nb1 Nxh5 9. Bg5 Bg4 10. Qd2 Nd7 11. Bh6 Qb6 12. c3 Rad8 13. Bxg7 Kxg7 14.
Na3 dxc3 15. bxc3 Qf6 16. Rh4 Be6 17. Rb1 b6 18. Nc2 Ne5 19. Ne3 Bc8 20. d4 cxd4 21.
cxd4 Nc6 22. d5 Ne5 23. Kf1 Kg8 24. Rd1 Ba6 25. Ra4 Nxf3 26. Qb4 Nxg3+ 27. fxg3 Nd4+ 28. Ke1 Nxe2 29. Rxa6 Nxg3 30. Qd4 Qg5 31. Kf2 Rc8 32.
Rd2 Rfd8 33. Qg4 Qxg4 34. Nxg4 Nf5 35. Rxa7 Rc3 36. Be4 h5 37. Bxf5 gxf5 38. Nh6+ Kg7 39. Nxf5+ Kf6 40. Nxe7 h4 41. Nc6 Rg8 42. Rd4 h3 43.
Rf4+ Kg5 44. Raxf7 1-0